 Dungeon Crawl Stone Soup version 0.23.0 (webtiles) character file.

Game seed: 18271800802258913178

7858 Infinimo the Carver (level 11, -3/87 HPs)
             Began as a Demonspawn Berserker on Feb 11, 2019.
             Was the Champion of Trog.
             Slain by Snorg (9 damage)
             ... on level 10 of the Dungeon.
             The game lasted 00:15:38 (11837 turns).

Infinimo the Carver (Demonspawn Berserker)         Turns: 11837, Time: 00:15:39

Health: -3/87      AC: 17    Str: 27    XL:     11   Next: 2%
Magic:  11/11      EV: 23    Int:  8    God:    Trog [******]
Gold:   550        SH:  5    Dex: 12    Spells: 10/10 levels left

rFire    . . .     SeeInvis .   D - +4 scimitar
rCold    + . .     Gourm    .   d - +0 buckler
rNeg     . . .     Faith    .   E - +0 plate armour
rPois    +         Spirit   .   (helmet restricted)
rElec    .         Reflect  .   s - +0 cloak
rCorr    .         Harm     .   (no gloves)
MR       .....                  l - +2 pair of boots
Stlth    ..........             h - amulet of the acrobat
HPRegen  0.24/turn              j - ring of poison resistance
MPRegen  0.12/turn              C - ring of stealth

@: mighty, about to teleport, berserk cooldown, acrobat, very slightly
contaminated, slowed, very slow
A: hooves 1, horns 2, cold resistance 1, powered by pain 3, freezing cloud
immunity
a: Berserk, Trog's Hand, Brothers in Arms, Renounce Religion


You were on level 10 of the Dungeon.
You worshipped Trog.
Trog was exalted by your worship.
You were near starving.

You visited 1 branch of the dungeon, and saw 10 of its levels.
You also visited: Ossuary.

You collected 550 gold pieces.

Inventory:

Hand Weapons
 D - a +4 scimitar (weapon)
Armour
 d - a +0 buckler (worn)
 l - a +2 pair of boots (worn)
 s - a +0 cloak (worn)
 E - a +0 plate armour (worn)
Jewellery
 a - an uncursed ring of fire
 h - an amulet of the acrobat (around neck)
 j - a ring of poison resistance (left hand)
 y - a cursed amulet of faith {unknown}
 C - a ring of stealth (right hand)
Wands
 p - a wand of disintegration (10)
 G - a wand of iceblast (17)
Scrolls
 f - 5 scrolls of fear
 g - 12 scrolls of teleportation
 i - 6 scrolls of remove curse
 r - a scroll of magic mapping
 t - 5 scrolls of identify
 B - a scroll of enchant weapon
 F - a scroll of fog
 I - a scroll of noise {unknown}
Potions
 b - 4 potions of curing {unknown}
 e - 6 potions of lignification
 k - 4 potions of flight
 m - a potion of cancellation {unknown}
 n - a potion of resistance {unknown}
 o - 3 potions of degeneration
 q - 6 potions of heal wounds
 u - a potion of haste
 v - a potion of agility
 w - 3 potions of ambrosia
 z - a potion of magic {unknown}
 A - a potion of brilliance {unknown}
Comestibles
 c - 16 rations


   Skills:
 + Level 8.3 Fighting
 * Level 10.3 Long Blades
 + Level 7.3 Armour
 - Level 1.7 Dodging
 + Level 6.7 Shields


You had 10 spell levels left.
You didn't know any spells.
Your spell library was empty.

Dungeon Overview and Level Annotations

Branches:
Dungeon (10/15)            Temple (0/1) D:4            Lair (0/6) D:9
    Orc: D:9-12

Altars:
Ashenzari
Gozag
Nemelex Xobeh
Okawaru
Ru
Xom
Yredelemnul

Shops:
D:7 =   D:8 :

Annotations:
D:10 2 transporters, Snorg; tensugalgo's ghost, novice DrGl


Innate Abilities, Weirdness & Mutations

You have large cloven feet.
You have a pair of horns on your head.
Your flesh is cold resistant. (rC+)
You are powered by pain.
You are immune to freezing clouds.


Message History

Snorg bites you! Snorg claws you!
You focus on the pain.
You feel very mighty all of a sudden. Snorg barely misses you.
Snorg is almost dead.
Snorg claws you!
* * * LOW HITPOINT WARNING * * *
Snorg bites you.
* * * LOW HITPOINT WARNING * * *
Snorg claws you!
* * * LOW HITPOINT WARNING * * *
Blink to where?
Press: ? - help, Dir - move target cursor You are very lightly contaminated with residual magic.
As you read the scroll of blinking, it crumbles to dust.
You hear a shout!
As you read the scroll of teleportation, it crumbles to dust.
You feel strangely unstable.
Snorg rages.
Snorg completely misses you. x2; You block Snorg's attack.
Snorg claws you!
You die...

##...###.######
##...>.####..#.# #..#
##.......###..#.### ...
#.........##....... ##.T.
...+.........'........ #...
..##.........##.#...## #.o#
#.###.......###.##.###
#..####.####.....####.......
#....##.#.T@.........###.###
#.##.##.#.######.###.# #
#)##.##.#.#8..[#.# #.#
#.§T......###..#.# #.#
####.###...).._#.###.### #.#
#..###..#........
#.####.#8...#.###.###
#......######.###.#
#####.......[.....#


You could see Snorg (berserk).

Vanquished Creatures
  The ghost of Masnef the Magician, a novice TeEn of Vehumet (D:6)
  A komodo dragon (D:9)
  2 hornets
  A hippogriff (D:7)
  Sigmund (D:5)
  3 yaks (D:10)
  2 humans (D:10)
  A steam dragon (D:7)
  3 hungry ghosts
  3 ice beasts
  3 orc warriors
  A sky beast (D:6)
  2 phantoms
  3 ogres
  A necrophage (D:8)
  5 centaurs
  5 bullfrogs
  A gnoll sergeant (D:8)
  A wyvern zombie (D:8)
  2 scorpions
  13 killer bees
  5 howler monkeys
  12 wights
  2 crimson imps (D:6)
  A bullfrog zombie (Ossuary)
  2 centaur zombies
  2 hounds
  3 orc priests
  4 jellies
  3 bullfrog skeletons
  Crazy Yiuf (D:6)
  3 centaur skeletons
  5 iguanas
  Ijyb (D:4)
  8 orc wizards
  5 worker ants
  2 killer bee zombies (D:8)
  4 hound zombies
  2 hound skeletons
  21 mummies (Ossuary)
  A howler monkey zombie (Ossuary)
  2 worker ant zombies (Ossuary)
  9 gnolls
  11 adders
  2 shadow imps
  2 white imps (D:6)
  6 oozes
  2 worms
  3 adder skeletons
  2 adder zombies (Ossuary)
  3 dart slugs
  2 adder simulacra (D:6)
  4 leopard geckos
  43 orcs
  6 giant cockroaches
  4 goblins
  6 hobgoblins
  12 jackals
  9 kobolds
  5 quokkas
  3 ball pythons
  14 bats
  7 frilled lizards
  A giant cockroach zombie (Ossuary)
  2 jackal skeletons (D:5)
  A leopard gecko zombie (Ossuary)
  5 quokka zombies
  10 rats
318 creatures vanquished.

Vanquished Creatures (others)
  A plant (D:9)
  A withered plant (Ossuary)
2 creatures vanquished.

Grand Total: 320 creatures vanquished

Notes
Turn   | Place    | Note
-------+----------+-------------------------------------------
     0 | D:1      | Infinimo the Demonspawn Berserker began the quest for the
                  | Orb.
     0 | D:1      | Reached XP level 1. HP: 18/18 MP: 1/1
   133 | D:1      | Reached skill level 3 in Long Blades
   187 | D:1      | Gained mutation: Your flesh is cold resistant. (rC+)
                  | [demonic ancestry]
   187 | D:1      | Reached XP level 2. HP: 19/24 MP: 2/2
   819 | D:1      | Gained mutation: You sometimes gain a little power by
                  | taking damage. [demonic ancestry]
   819 | D:1      | Reached XP level 3. HP: 26/29 MP: 3/3
  1402 | D:2      | Reached ** piety under Trog
  1865 | D:2      | Gained mutation: You have large cloven feet. [demonic
                  | ancestry]
  1865 | D:2      | Reached XP level 4. HP: 35/35 MP: 4/4
  2287 | D:2      | Reached skill level 1 in Shields
  2537 | D:3      | Reached skill level 4 in Long Blades
  2549 | D:3      | Reached XP level 5. HP: 42/42 MP: 5/5
  2577 | D:3      | Reached *** piety under Trog
  3428 | D:4      | Noticed a centaur
  3437 | D:4      | Killed a centaur
  3437 | D:4      | Gained mutation: You sometimes gain power by taking damage.
                  | [demonic ancestry]
  3437 | D:4      | Reached XP level 6. HP: 48/48 MP: 6/6
  3499 | D:4      | Found a staircase to the Ecumenical Temple.
  3503 | D:4      | Noticed Ijyb
  3510 | D:4      | Killed Ijyb
  3510 | D:4      | Reached **** piety under Trog
  3843 | D:4      | Reached skill level 5 in Long Blades
  3843 | D:4      | Gained mutation: You have a pair of small horns on your
                  | head. [demonic ancestry]
  3843 | D:4      | Reached XP level 7. HP: 34/55 MP: 7/7
  4586 | D:5      | Entered Level 5 of the Dungeon
  4623 | D:5      | Noticed Sigmund
  4638 | D:5      | Killed Sigmund
  4738 | D:5      | Reached skill level 5 in Fighting
  4754 | D:5      | Reached skill level 6 in Long Blades
  4841 | D:5      | Found an opulent altar of Gozag.
  4841 | D:5      | Found a sparkling altar of Nemelex Xobeh.
  4900 | D:5      | Found a sand-covered staircase.
  4911 | Ossuary  | Entered an ossuary
  4933 | Ossuary  | Gained mutation: You are powered by pain. [demonic
                  | ancestry]
  4933 | Ossuary  | Reached XP level 8. HP: 62/62 MP: 8/8
  5466 | Ossuary  | Reached ***** piety under Trog
  5936 | D:5      | Received a gift from Trog
  6232 | D:5      | Reached skill level 7 in Long Blades
  6582 | D:6      | Reached skill level 5 in Armour
  6686 | D:6      | Found a runed translucent gate.
  6686 | D:6      | Found a runed translucent gate.
  6686 | D:6      | Found a runed translucent gate.
  6703 | D:6      | Found a shimmering altar of Xom.
  6845 | D:6      | Reached XP level 9. HP: 69/69 MP: 9/9
  6958 | D:6      | Noticed Masnef's ghost (novice TeEn)
  7365 | D:6      | Found a basalt altar of Yredelemnul.
  7649 | D:6      | Found a runed translucent door.
  7650 | D:6      | Noticed Crazy Yiuf
  7697 | D:6      | Reached skill level 8 in Long Blades
  7709 | D:6      | Killed Masnef's ghost
  7709 | D:6      | Reached skill level 5 in Shields
  7795 | D:6      | Killed Crazy Yiuf
  8183 | D:7      | Found Bier's Jewellery Shop.
  9091 | D:8      | Gained mutation: You are immune to freezing clouds.
                  | [demonic ancestry]
  9091 | D:8      | Reached XP level 10. HP: 65/79 MP: 10/10
  9191 | D:8      | Found Gure Isi's Book Emporium.
  9216 | D:8      | Reached skill level 9 in Long Blades
  9250 | D:8      | Found a shattered altar of Ashenzari.
  9298 | D:8      | Received a gift from Trog
  9690 | D:9      | Found a sacrificial altar of Ru.
  9770 | D:9      | Found a staircase to the Lair.
 10052 | D:9      | Paralysed by a hornet for 3 turns
 10708 | D:9      | Got a smoking helmet
 11035 | D:10     | Entered Level 10 of the Dungeon
 11183 | D:10     | Reached skill level 10 in Long Blades
 11192 | D:10     | Reached ****** piety under Trog
 11693 | D:10     | Found a transporter.
 11694 | D:10     | Noticed tensugalgo's ghost (novice DrGl)
 11694 | D:10     | Noticed a two-headed ogre
 11696 | D:10     | Found a transporter.
 11696 | D:10     | Identified the +8 dire flail "Derph" {vamp, +Blink rF+ rN+
                  | Dex-2}
 11696 | D:10     | Identified the +11 dire flail of Ihox {flame, rF+}
 11696 | D:10     | Noticed a two-headed ogre
 11701 | D:10     | Noticed a two-headed ogre
 11758 | D:10     | Found an iron altar of Okawaru.
 11788 | D:10     | Gained mutation: You have a pair of horns on your head.
                  | [demonic ancestry]
 11788 | D:10     | Reached XP level 11. HP: 84/86 MP: 11/11
 11813 | D:10     | Noticed Snorg
 11837 | D:10     | Slain by Snorg

Skill      XL: |  1  2  3  4  5  6  7  8  9 10 |
---------------+-------------------------------+-----
Long Blades    | 3 4 5 6 7 8 10 | 10.3
Armour         | 2 3 4 5 6 7 |  7.3
Shields        | 1 2 3 4 5 6 |  6.7
Fighting       | 4 5 6 7 8 |  8.3
Dodging        | |  1.7

Action                   |  1- 3 |  4- 6 |  7- 9 | 10-12 || total
-------------------------+-------+-------+-------+-------++-------
Melee: Falchion          |    95 |   165 |   321 |       ||   581
       Kick              |       |    50 |     8 |       ||    58
       Headbutt          |       |       |   128 |    57 ||   185
       Scimitar          |       |       |   165 |   264 ||   429
Invok: Berserk           |     5 |     8 |    15 |     9 ||    37
  Use: Scroll            |       |     8 |     8 |     2 ||    18
 Stab: Sleeping          |     3 |     1 |       |       ||     4
  Eat: Chunk             |     6 |    15 |    21 |    14 ||    56
       Ration            |       |       |     3 |     1 ||     4
Armor: Animal skin       |    25 |     8 |       |       ||    33
       Chain mail        |       |    31 |   149 |       ||   180
       Plate armour      |       |       |    42 |   112 ||   154
Dodge: Dodged            |    58 |    61 |   155 |   109 ||   383
Block: Buckler           |     3 |    29 |    90 |    44 ||   166
       Rpst.: Falchion   |    20 |    23 |    19 |       ||    62
       Scimitar          |       |       |    22 |    33 ||    55
